 Dungeon Crawl Stone Soup version 0.30-a0-972-gf3ab3527aa (webtiles) character file.

Game seed: 15814875916021246264

726 Newt the Skirmisher (level 8, -3/49 HPs)
             Began as a Kobold Hunter on Mar 31, 2023.
             Was an Initiate of Hepliaklqana.
             Slain by an orc warrior
             ... wielding a +0 long sword
              (13 damage)
             ... on level 5 of the Dungeon.
             The game lasted 00:03:44 (3636 turns).

Newt the Skirmisher (Kobold Hunter)                 Turns: 3636, Time: 00:03:45

Health: -3/49      AC:  4    Str:  8    XL:     8   Next: 2%
Magic:  8/8        EV: 16    Int: 10    God:    Hepliaklqana [......]
Gold:   236        SH:  0    Dex: 21    Spells: 7/7 levels left

rFire   + . .      SeeInvis .    a - +2 shortbow
rCold   . . .      Faith    .    (shield currently unavailable)
rNeg    . . .      Spirit   .    c - +1 leather armour
rPois   .          Reflect  .    (no helmet)
rElec   .          Rampage  .    (no cloak)
rCorr   .                        (no gloves)
Will    .....                    (no boots)
Stlth   +++                      (no amulet)
HPRegen 0.28/turn                q - ring of protection from fire
MPRegen 0.11/turn                (no ring)

@: about to teleport
A: small, no large weapons, nightstalker 3
a: Renounce Religion


You were on level 5 of the Dungeon.
You worshipped Hepliaklqana.
Hepliaklqana was noncommittal.
You visited 1 branch of the dungeon, and saw 5 of its levels.

You collected 236 gold pieces.

Inventory:

Hand Weapons
 a - a +2 shortbow (weapon)
Armour
 c - a +1 leather armour (worn)
 m - a scarf of shadows
Jewellery
 q - a ring of protection from fire (left hand)
Scrolls
 b - 2 scrolls of immolation
 e - 2 scrolls of teleportation
 f - 4 scrolls of vulnerability
 n - a scroll of blinking
 o - 3 scrolls of identify
Potions
 d - 6 potions of haste
 g - a potion of mutation
 h - 2 potions of flight
 i - 2 potions of might {unknown}
 j - a potion of lignification {unknown}
 k - 4 potions of curing {unknown}
 l - 2 potions of heal wounds {unknown}
 p - 2 potions of experience {unknown}
 r - a potion of cancellation {unknown}


   Skills:
 - Level 5.0 Fighting
 - Level 10.0 Ranged Weapons
 + Level 4.4 Dodging
 - Level 1.3 Stealth


You had 7 spell levels left.
You didn't know any spells.
Your spell library contained the following spells:

 Spells                   Type           Power      Damage    Failure   Level
 Magic Dart               Conj           0%         1d3       50%         1
 Sting                    Tmut/Pois      0%         1d3       50%         1
 Summon Small Mammal      Summ           0%         N/A       50%         1
 Poisonous Vapours        Pois/Air       0%         N/A       63%         2
 Searing Ray              Conj           0%         2d4       63%         2
 Call Canine Familiar     Summ           0%         N/A       86%         3
 Portal Projectile        Hex/Tloc       0%         N/A       86%         3
 Summon Guardian Golem    Hex/Summ       0%         N/A       86%         3
 Tukima's Dance           Hex            0%         N/A       86%         3
 Fulminant Prism          Conj/Hex       0%         3d5       99%         4
 Olgreb's Toxic Radiance  Pois           0%         N/A       99%         4
 Blade Hands              Tmut           0%         N/A       100%        5


Dungeon Overview and Level Annotations

Branches:
Dungeon (5/15)
 Temple: D:4-7

Altars:
Hepliaklqana
Makhleb
Qazlal
Vehumet

Annotations:
D:3 2 transporters


Innate Abilities, Weirdness & Mutations

You are small and have problems with some larger weapons.
You are completely attuned to the shadows.


Message History

The gnoll hits you with a +0 flail.
The orc wizard gestures at you while chanting.
The magic dart hits you. The gnoll completely misses you.
There is an open door here.
You shoot an arrow. The arrow hits the gnoll.
The gnoll is heavily wounded.
The gnoll closely misses you.
You shoot an arrow. The arrow hits the gnoll.
The gnoll is severely wounded.
The gnoll hits you with a +0 flail!
The orc wizard mumbles some strange words.
The orc wizard flickers and vanishes!
Deactivating autopickup; reactivate with Ctrl-A.
Unknown command.
You shoot an arrow. The arrow completely misses the gnoll.
The gnoll hits you with a +0 flail!
You are too injured to fight recklessly!
You shoot an arrow. The arrow hits the gnoll.
You kill the gnoll!
The orc throws a boomerang.
The boomerang hits you.
Unknown command.
You shoot an arrow.
Unknown command.
You shoot an arrow.
You hear some strange, mumbled words.
A magic dart appears from out of thin air!
The magic dart hits you.
* * * LOW HITPOINT WARNING * * *
The orc completely misses you. Something hits you but does no damage.
Unknown command.
You shoot an arrow. The arrow hits the orc warrior.
The orc warrior is lightly wounded.
Something completely misses you. The orc warrior closely misses you.
Unknown command.
As you read the scroll of teleportation, it crumbles to dust.
You feel strangely unstable. Something hits you.
* * * LOW HITPOINT WARNING * * *
The orc warrior hits you with a +0 long sword!
You die...

....#....#..........
....#....#..........
....#....#....<#######
....##...#....รท#.....#
....##...#.....#.....#
....#....#.....'.....#
....#....#.....#o.##'#
....#....#.....#o## )..
....##...#.....#@{#
)..#
....##...#.....#..#
...#
.........'.....#..#
.........#.....#..#
##########.....####
#######


You could see an orc warrior and an orc.

Vanquished Creatures
  A black bear (D:4)
  An ogre (D:4)
  2 phantoms (D:4)
  A hound (D:5)
  A gnoll bouda (D:4)
  A jelly (D:4)
  An orc priest (D:3)
  A sleepcap (D:5)
  2 iguanas
  5 gnolls
  5 adders
  2 ufetubi
  2 worms (D:4)
  A dart slug (D:1)
  10 orcs
  8 bats
  9 endoplasms
  3 giant cockroaches
  6 goblins
  9 hobgoblins
  3 quokkas
  5 ball pythons
  A frilled lizard (D:1)
  11 kobolds
  4 rats
95 creatures vanquished.

Vanquished Creatures (others)
  22 plants (D:5)
22 creatures vanquished.

Grand Total: 117 creatures vanquished

Notes
Turn   | Place    | Note
-------+----------+-------------------------------------------
     0 | D:1      | Newt the Kobold Hunter began the quest for the Orb.
     0 | D:1      | Reached XP level 1. HP: 12/12 MP: 1/1
    49 | D:1      | Reached XP level 2. HP: 18/18 MP: 2/2
   223 | D:1      | Reached XP level 3. HP: 24/24 MP: 3/3
   803 | D:2      | Reached XP level 4. HP: 24/30 MP: 4/4
  1626 | D:3      | Found a transporter.
  1666 | D:3      | Found a transporter.
  1717 | D:3      | Reached skill level 5 in Fighting
  1833 | D:3      | Reached XP level 5. HP: 31/35 MP: 5/5
  2190 | D:3      | Reached skill level 6 in Ranged Weapons
  2218 | D:3      | Found a stormy altar of Qazlal.
  2314 | D:4      | Found a burning altar of Makhleb.
  2348 | D:4      | Reached skill level 7 in Ranged Weapons
  2348 | D:4      | Reached XP level 6. HP: 25/40 MP: 6/6
  2443 | D:4      | Found a hazy altar of Hepliaklqana.
  2459 | D:4      | Became a worshipper of Hepliaklqana the Forgotten
  2579 | D:4      | Reached skill level 8 in Ranged Weapons
  2762 | D:4      | Noticed an ogre
  2780 | D:4      | Killed an ogre
  2781 | D:4      | Reached skill level 9 in Ranged Weapons
  2781 | D:4      | Reached XP level 7. HP: 34/44 MP: 7/7
  3193 | D:5      | Entered Level 5 of the Dungeon
  3203 | D:4      | Reached skill level 10 in Ranged Weapons
  3364 | D:5      | Found a radiant altar of Vehumet.
  3624 | D:5      | Reached XP level 8. HP: 46/49 MP: 8/8
  3636 | D:5      | Slain by an orc warrior

Illustrated notes

Levels and vault maps discovered:
D:1:      wander_arrival_chamber, layout_basic
D:2:      layout_loops_ring
D:3:      gammafunk_steamed_eel, layout_basic,
          mainiacjoe_overflow_concentric_impassable, columned_hall_lemuel,
          st_stairs_11
D:4:      minmay_razor_zed, layout_cave_pools, old_standard_altar,
          mainiacjoe_overflow_tiny_flanked
D:5:      layout_gridville, okawaru_altar_gauntlet_db, nicolae_vehumet_radiance,
          ebering_ghost_sewer_d, nicolae_grassy_gnolls

Skill      XL: |  1  2  3  4  5  6  7 |
---------------+----------------------+-----
Fighting       | 3 4 5 |  5.0
Ranged Weapons | 7 9 10 | 10.0
Dodging        | 4 |  4.4
Stealth        | |  1.3

Action                     |  1- 3 |  4- 6 |  7- 9 || total
---------------------------+-------+-------+-------++-------
   Fire: Shortbow          |    76 |   116 |    55 ||   247
    Use: Scroll            |     3 |     5 |     2 ||    10
 Armour: Leather armour    |     9 |     6 |     3 ||    18
  Dodge: Dodged            |    30 |    38 |    22 ||    90

Table legend: (Time is in decaauts)
 A = Elapsed time spent in this place.
 B = Non-inter-level travel time spent in this place.
 C = Inter-level travel time spent in this place.
 D = Time resting spent in this place.
 E = Time spent auto-exploring this place.
 F = Levels seen in this place.
 G = Mean time per level.
                   A        B        C        D        E       F      G
               +--------+--------+--------+--------+--------+-----+--------+
         Total |   3687 |   3566 |    121 |     21 |   3047 |   5 |  737.4 |
       Dungeon |   3687 |   3566 |    121 |     21 |   3047 |   5 |  737.4 |
               +--------+--------+--------+--------+--------+-----+--------+

Top non-repeatable levels by time:
     D:4: 953 daAuts
     D:3: 933 daAuts
     D:2: 785 daAuts
     D:1: 601 daAuts
     D:5: 414 daAuts
